 Dungeon Crawl Stone Soup version 0.29-a0-330-g52719c12eb (webtiles) character file.

Game seed: 15059799350473832574

63896 Anon1729 the Severer (level 14, 0/122 HPs)
             Began as a Minotaur Monk on May 28, 2022.
             Was the Champion of Hepliaklqana.
             Killed from afar by a swamp worm (6 damage)
             ... with a harpoon shot
             ... on level 4 of the Lair of Beasts.
             The game lasted 00:33:44 (33853 turns).

Anon1729 the Severer (Minotaur Monk)               Turns: 33853, Time: 00:33:44

Health: 0/122      AC: 20    Str: 20    XL:     14   Next: 69%
Magic:  20/22      EV:  4    Int:  7    God:    Hepliaklqana [******]
Gold:   2312       SH:  0    Dex: 14    Spells: 13/13 levels left

rFire   . . .      SeeInvis +   y - +0 war axe (flame)
rCold   . . .      Faith    .   (no shield)
rNeg    . . .      Spirit   .   Q - +0 plate armour
rPois   .          Reflect  .   (helmet restricted)
rElec   .          Harm     .   (no cloak)
rCorr   .          Rampage  .   (no gloves)
Will    +....                   P - +2 pair of boots
Stlth   ..........              W - amulet of the acrobat
HPRegen 0.30/turn               r - ring of see invisible
MPRegen 0.18/turn               M - ring of flight

@: flying, held, studying Bows
A: reduced essence, horns 2, retaliatory headbutt, deterioration 1
a: Renounce Religion, Recall Ancestor, Ancestor Identity, Transference, Idealise


You were on level 4 of the Lair of Beasts.
You worshipped Hepliaklqana.
Hepliaklqana was exalted by your worship.
You visited 3 branches of the dungeon, and saw 20 of its levels.
You also visited: Bailey.

You collected 2544 gold pieces.
You spent 232 gold pieces at shops.

Inventory:

Hand Weapons
 a - a +0 executioner's axe of distortion
 w - a +0 war axe of draining
 y - a +0 war axe of flaming (weapon)
Armour
 N - an orb of mayhem
 P - a +2 pair of boots (worn)
 Q - a +0 plate armour (worn)
Jewellery
 r - a ring of see invisible (left hand)
 J - a ring of fire
 M - a ring of flight (right hand)
 W - an amulet of the acrobat (around neck)
 X - a ring of ice
 Z - a ring of resist corrosion
Wands
 t - a wand of acid (11)
 u - a wand of flame (37)
 D - a wand of iceblast (7)
 O - a wand of mindburst (1)
Scrolls
 d - 9 scrolls of teleportation
 e - 4 scrolls of holy word
 g - 4 scrolls of fog
 h - 8 scrolls of enchant armour
 j - 5 scrolls of enchant weapon
 l - a scroll of blinking
 o - 2 scrolls of immolation
 q - 4 scrolls of vulnerability
 s - 5 scrolls of amnesia
 C - 4 scrolls of magic mapping
 H - a scroll of torment
 L - 3 scrolls of fear
Potions
 c - 4 potions of ambrosia
 i - a potion of invisibility
 k - a potion of heal wounds
 m - 8 potions of might
 n - 3 potions of haste
 p - 11 potions of flight
 v - 3 potions of mutation
 z - a potion of lignification {unknown}
 A - 3 potions of brilliance
 B - 6 potions of attraction
 E - 2 potions of cancellation
 I - 4 potions of curing
 K - a potion of degeneration {unknown}
 S - a potion of resistance
 V - a potion of berserk rage
 Y - 2 potions of magic


   Skills:
 + Level 15.8 Fighting
 + Level 15.8 Axes
 * Level 7.4 Bows
 + Level 15.4 Armour
 - Level 3.2 Dodging
 - Level 1.5 Stealth
 + Level 13.1 Invocations


You had 13 spell levels left.
You didn't know any spells.
Your spell library contained the following spells:

 Spells                   Type           Power      Damage    Failure   Level
 Animate Skeleton         Necr           0%         N/A       99%         1
 Apportation              Tloc           0%         N/A       99%         1
 Foxfire                  Conj/Fire      0%         2x1d4     99%         1
 Slow                     Hex            0%         N/A       99%         1
 Summon Small Mammal      Summ           0%         N/A       99%         1
 Ensorcelled Hibernation  Hex/Ice        0%         N/A       100%        2
 Static Discharge         Conj/Air       0%         N/A       100%        2
 Confusing Touch          Hex            0%         N/A       100%        3
 Conjure Flame            Conj/Fire      0%         6-21      100%        3
 Inner Flame              Hex/Fire       0%         N/A       100%        3
 Ozocubu's Armour         Ice            0%         N/A       100%        3
 Spider Form              Tmut/Pois      0%         N/A       100%        3
 Vampiric Draining        Necr           0%         2d6       100%        3
 Anguish                  Hex/Necr       0%         N/A       100%        4
 Dispel Undead            Necr           0%         3d6       100%        4
 Flame Wave               Conj/Fire      0%         2d4       100%        4
 Sticky Flame             Conj/Fire      0%         2d3       100%        4
 Alistair's Intoxication  Tmut/Pois      0%         N/A       100%        5
 Borgnjor's Vile Clutch   Necr/Erth      0%         N/A       100%        5
 Freezing Cloud           Conj/Ice/Air   0%         6-21      100%        5
 Yara's Violent Unravell  Hex/Tmut       0%         3d3       100%        5
 Dispersal                Tloc           0%         N/A       100%        6
 Eringya's Noxious Bog    Tmut/Pois      0%         N/A       100%        6
 Simulacrum               Ice/Necr       0%         N/A       100%        6
 Enfeeble                 Hex            0%         N/A       100%        7
 Ozocubu's Refrigeration  Ice            0%         4d5       100%        7
 Disjunction              Tloc           0%         N/A       100%        8
 Polar Vortex             Ice            0%         N/A       100%        9


Dungeon Overview and Level Annotations

Branches:
Dungeon (15/15)            Temple (1/1) D:5            Lair (4/6) D:11
  Swamp (0/4) Lair:3        Snake (0/4) Lair:4          Orc (0/2) D:10
 Vaults (0/5) D:14         Depths (0/4) D:15         Bailey (visited)

Altars:
Ashenzari
Cheibriados
Dithmenos
Elyvilon
Fedhas
Gozag
Hepliaklqana
Kikubaaqudgha
Makhleb
Nemelex Xobeh
Okawaru
Qazlal
Ru
Sif Muna
Trog
Uskayaw
Vehumet
Wu Jian
Xom
Yredelemnul
Zin
The Shining One

Shops:
D:4 [   D:6 =   D:8 *

Annotations:
D:8 1 runed translucent door, HoaS's ghost, novice TrGl
D:11 exclusion: obsidian statue
Lair:3 1 runed translucent door, Itiwer's ghost, journeyman DjIE
Lair:4 1 transporter


Innate Abilities, Weirdness & Mutations

Your life essence is reduced to manifest your ancestor. (-10% HP)
You have a pair of horns on your head.
You reflexively headbutt those who attack you in melee.
Your body sometimes deteriorates upon taking damage.


Message History

The briar patch is heavily damaged.
* * * LOW HITPOINT WARNING * * *
You feel much better. The swamp worm bites you.
The swamp worm fires a harpoon shot at you.
The harpoon shot hits you!
* * * LOW HITPOINT WARNING * * *
You are yanked forward by the harpoon shot.
You collide with the briar patch!
The briar patch is severely damaged.
* * * LOW HITPOINT WARNING * * *
Unknown command.
Unknown command.
Okay, then.
Unknown command.
You feel much better. The swamp worm bites you.
The swamp worm fires a harpoon shot at you.
The harpoon shot hits you!
* * * LOW HITPOINT WARNING * * *
You are yanked forward by the harpoon shot.
You collide with the briar patch!
The briar patch is destroyed!
* * * LOW HITPOINT WARNING * * *
The swamp worm fires a harpoon shot at you.
The harpoon shot hits you but does no damage.
The swamp worm bites you but does no damage.
Select a target.
Press: ? - help, Dir - move target, f - swamp worm
Aim: a swamp worm The floor.
The swamp worm swaps with Marzena!
The swamp worm fires a harpoon shot at you.
The harpoon shot hits you!
* * * LOW HITPOINT WARNING * * *
You are yanked forward by the harpoon shot.
You collide with the briar patch!
* * * LOW HITPOINT WARNING * * *
You become entangled in the net!
The swamp worm fires a harpoon shot at you.
The harpoon shot hits you.
You die...

#.....#....P............# ##...##
.#......................###.....#
........................##.#...##
................................#
..............#########..........
..............#§#♣#†#♣#..........
...........####R§≈#≈≈≈##.........
...........#"$#..P§PwPP#.#.#...##
..........©#©[+○@^^^^§©#©.#.....P
.........(.#[/#PP§PPP..#..P..>...
####.......####≈≈#§§≈≈##.........
# #.#........##w#♣#w##..........
## ##....###..#########........P#
.####...####P..........#.#.##..##
..........................##(....
.................................
.................................


You could see the friendly Marzena the hexer and 3 swamp worms.

Vanquished Creatures
  An ettin (D:14)
  5 vault guards
  7 hydras
  3 boulder beetles
  3 two-headed ogres
  A catoblepas (Lair:3)
  A death knight (D:15)
  2 centaur warriors
  2 skeletal warriors (D:13)
  2 deep trolls
  A bog body (Lair:3)
  An orc knight (Bailey)
  4 deep elf pyromancers
  Pikel (D:7)
  A necromancer (D:15)
  An orc sorcerer (D:15)
  An ugly thing (D:6)
  2 manticores
  3 cyclopes
  10 elephants
  2 black mambas
  2 gargoyles
  6 cane toads
  A rime drake (Lair:4)
  Maggie (D:6)
  An unseen horror (D:13)
  5 kobold demonologists
  6 komodo dragons
  2 freezing wraiths
  4 yaktaurs (D:15)
  3 meliai (D:14)
  6 trolls
  A polar bear (Lair:2)
  Prince Ribbit (D:5)
  10 blink frogs
  4 slime creatures
  A hornet (D:10)
  10 yaks
  Eustachio (D:4)
  6 wyverns
  6 wraiths
  A basilisk (D:13)
  2 steam dragons (D:6)
  4 vampire mosquitoes
  Edmund (D:4)
  An acid dragon (D:11)
  14 water moccasins
  7 orc warriors
  2 sky beasts
  An ice beast (D:5)
  2 black bears
  8 centaurs
  4 wolves (Lair:3)
  A lemure (D:7)
  10 kobold brigands
  A phantom (D:6)
  9 bullfrogs
  A necrophage (D:3)
  2 scorpions (D:15)
  Dowan (D:4)
  10 killer bees (D:11)
  3 electric eels (Lair:2)
  3 howler monkeys
  2 lava snakes (Lair:2)
  A jelly (D:5)
  A gnoll shaman (D:6)
  An orc priest (D:9)
  A hexer (Bailey)
  4 orc wizards
  9 iguanas
  2 hell rats (Lair:3)
  3 gnolls (Bailey)
  6 river rats (Lair:3)
  5 adders
  A white imp (D:7)
  2 ufetubi
  2 worms (D:2)
  7 dart slugs
  37 orcs
  6 ball pythons
  7 bats
  4 endoplasms
  4 giant cockroaches
  7 goblins
  14 hobgoblins
  6 jackals (D:1)
  2 quokkas
  6 frilled lizards
  24 kobolds
  8 rats
  3 briar patches (Lair:4)
394 creatures vanquished.

Vanquished Creatures (collateral kills)
  2 hydras
  3 vault guards
  A boulder beetle (Lair:3)
  A two-headed ogre (D:7)
  2 skeletal warriors (D:12)
  A wizard (D:15)
  A deep elf pyromancer (D:15)
  An ugly thing (D:13)
  4 cyclopes
  A manticore (D:10)
  2 black mambas
  3 elephants
  2 komodo dragons
  A yaktaur (D:15)
  A rime drake (Lair:4)
  A queen bee (shapeshifter) (D:15)
  A blink frog (Lair:3)
  A vampire (D:6)
  5 yaks
  2 basilisks
  Menkaure (D:5)
  A swamp worm (Lair:4)
  Duvessa (D:4)
  3 water moccasins
  2 orc warriors (Bailey)
  3 sky beasts
  2 wolves (Lair:3)
  A centaur (D:7)
  2 necrophages (D:7)
  A howler monkey (D:5)
  An electric eel (Lair:2)
  An orc priest (D:4)
  3 hounds (D:6)
  An iguana (D:5)
  3 orc wizards
  3 adders
  A river rat (Lair:3)
  A shadow imp (D:6)
  A worm (D:4)
  9 orcs
  A bat (D:2)
  A giant cockroach (D:3)
  2 goblins
  3 hobgoblins
  6 kobolds
90 creatures vanquished.

Vanquished Creatures (others)
  A lava snake (Lair:2)
  18 hexers
  An orc (D:6)
  2 briar patches (Lair:4)
  7 fungi
  20 plants
49 creatures vanquished.

Grand Total: 533 creatures vanquished

Notes
Turn   | Place    | Note
-------+----------+-------------------------------------------
     0 | D:1      | Anon1729 the Minotaur Monk began the quest for the Orb.
     0 | D:1      | Reached XP level 1. HP: 19/19 MP: 0/0
    99 | D:1      | Reached XP level 2. HP: 13/27 MP: 1/1
   333 | D:1      | Reached skill level 1 in Armour
   485 | D:1      | Reached skill level 1 in Invocations
   733 | D:1      | Reached XP level 3. HP: 33/33 MP: 2/2
  1384 | D:2      | Found a faded altar of an unknown god.
  1389 | D:2      | Prayed at the altar of an unknown god.
  1389 | D:2      | Became a worshipper of Hepliaklqana the Forgotten
  1389 | D:2      | Reached * piety under Hepliaklqana
  1389 | D:2      | Reached ** piety under Hepliaklqana
  1390 | D:2      | Remembered your ancestor Marzena as a hexer
  1592 | D:2      | Reached XP level 4. HP: 35/36 MP: 4/4
  2048 | D:2      | Reached *** piety under Hepliaklqana
  2411 | D:3      | Found an ornate altar of the Wu Jian Council.
  2750 | D:3      | Noticed a necrophage
  2758 | D:3      | Killed a necrophage
  2759 | D:3      | Reached XP level 5. HP: 21/42 MP: 5/5
  3470 | D:4      | Found Giurrux's Antique Armour Shop.
  3764 | D:4      | Noticed Eustachio
  3773 | D:4      | Killed Eustachio
  3774 | D:4      | Reached skill level 5 in Fighting
  3774 | D:4      | Reached skill level 5 in Axes
  3774 | D:4      | Reached XP level 6. HP: 18/50 MP: 5/7
  3991 | D:4      | Reached **** piety under Hepliaklqana
  4050 | D:4      | Noticed Edmund
  4060 | D:4      | Killed Edmund
  4121 | D:4      | Noticed Duvessa
  4122 | D:4      | Noticed Dowan
  4130 | D:4      | Killed Duvessa
  4131 | D:4      | Reached XP level 7. HP: 38/55 MP: 8/8
  4133 | D:4      | Killed Dowan
  4316 | D:4      | Found a sparkling altar of Nemelex Xobeh.
  4715 | D:4      | Found a burning altar of Makhleb.
  5174 | D:5      | Entered Level 5 of the Dungeon
  5211 | D:5      | Found a staircase to the Ecumenical Temple.
  5231 | Temple   | Entered the Ecumenical Temple
  5535 | D:5      | Reached skill level 5 in Armour
  5812 | D:5      | Reached XP level 8. HP: 25/63 MP: 10/10
  6004 | D:5      | Noticed Menkaure
  6011 | D:5      | Killed Menkaure
  6071 | D:5      | Noticed Prince Ribbit
  6077 | D:5      | Killed Prince Ribbit
  6334 | D:5      | Reached skill level 5 in Invocations
  7016 | D:6      | Found a bloodstained altar of Trog.
  7433 | D:6      | Noticed a white ugly thing
  7433 | D:6      | Noticed a cyclops
  7650 | D:6      | Reached XP level 9. HP: 51/72 MP: 12/12
  7781 | D:6      | Noticed Maggie
  7791 | D:6      | Killed Maggie
  7881 | D:6      | Found Lices's Jewellery Shoppe.
  8187 | D:6      | Reached ***** piety under Hepliaklqana
  8456 | D:6      | Killed a cyclops
  8503 | D:6      | Killed a white ugly thing
  9177 | D:6      | Reached XP level 10. HP: 81/81 MP: 14/14
  9233 | D:7      | Noticed a two-headed ogre
  9348 | D:7      | Found a flagged portal.
  9497 | Bailey   | Entered a bailey
  9666 | Bailey   | Identified the +1 leather armour of Hadjma {Dex-3 Slay+3
                  | Stlth+}
  9842 | Bailey   | Noticed an orc knight
  9848 | Bailey   | Killed an orc knight
  9850 | Bailey   | HP: 1/83 [orc warrior/+0 war axe (34)]
 10565 | D:7      | Reached skill level 10 in Fighting
 10565 | D:7      | Reached skill level 10 in Axes
 10714 | D:7      | Noticed Pikel
 10722 | D:7      | Killed Pikel
 10932 | D:7      | Killed a two-headed ogre
 11046 | D:8      | Found a runed translucent door.
 11293 | D:8      | Found Zin's Purification Station.
 11296 | D:8      | Found a glowing silver altar of Zin.
 11861 | D:8      | Noticed HoaS's ghost (novice TrGl)
 11902 | D:9      | Reached skill level 10 in Armour
 12682 | D:9      | Reached XP level 11. HP: 78/90 MP: 16/16
 13977 | D:10     | Entered Level 10 of the Dungeon
 14248 | D:10     | Found a shadowy altar of Dithmenos.
 14589 | D:10     | Found a staircase to the Orcish Mines.
 14716 | D:10     | Found a sacrificial altar of Ru.
 14961 | D:10     | Found an opulent altar of Gozag.
 15035 | D:11     | Paralysed by a hornet for 3 turns
 15041 | D:10     | Paralysed by a hornet for 1 turns
 15414 | D:4      | Bought a pair of glowing boots for 232 gold pieces
 16146 | D:11     | Noticed an eight-headed hydra
 16564 | D:11     | Noticed a seven-headed hydra
 16569 | D:11     | Killed a four-headed hydra
 16675 | D:11     | Noticed an obsidian statue
 16886 | D:11     | Reached XP level 12. HP: 86/101 MP: 18/18
 17132 | D:11     | Killed a one-headed hydra
 17133 | D:11     | Reached skill level 10 in Invocations
 17608 | D:11     | Found a staircase to the Lair.
 18087 | D:12     | Noticed a two-headed ogre
 18094 | D:12     | Killed a two-headed ogre
 18382 | D:12     | Noticed an eight-headed hydra
 18389 | D:12     | Killed a five-headed hydra
 18829 | D:12     | Noticed a two-headed ogre
 18835 | D:12     | Killed a two-headed ogre
 18845 | D:12     | Gained mutation: Your body sometimes deteriorates upon
                  | taking damage. [a neqoxec]
 19029 | D:12     | Reached ****** piety under Hepliaklqana
 19300 | D:13     | Noticed a centaur warrior
 19450 | D:13     | Killed a centaur warrior
 19541 | D:13     | Noticed a boulder beetle
 19571 | D:12     | Killed a boulder beetle
 20328 | D:13     | Noticed a boulder beetle
 20364 | D:12     | Killed a boulder beetle
 21680 | D:13     | Reached XP level 13. HP: 68/110 MP: 20/20
 22578 | D:14     | Found a broken altar of Ashenzari.
 23343 | D:14     | Found a gate to the Vaults.
 23622 | D:13     | HP: 4/111 [vault guard/+0 battleaxe (15)]
 25920 | D:15     | Entered Level 15 of the Dungeon
 25924 | D:15     | Noticed an ettin
 26194 | D:14     | Killed an ettin
 26756 | D:15     | Found a bloodstained altar of Trog.
 27610 | D:15     | Reached skill level 15 in Axes
 27778 | D:15     | Found a staircase to the Depths.
 28121 | D:15     | Reached skill level 15 in Fighting
 28340 | Lair:1   | Entered Level 1 of the Lair of Beasts
 28568 | Lair:1   | You are sucked into a shaft and drop 1 floor!
 28585 | Lair:2   | Reached XP level 14. HP: 26/121 MP: 22/22
 30468 | Lair:1   | Identified a scroll of acquirement
 30469 | Lair:1   | Acquired a manual of Bows
 30585 | Lair:1   | Reached skill level 1 in Bows
 30585 | Lair:1   | Reached skill level 15 in Armour
 31465 | Lair:3   | Found a staircase to the Swamp.
 31618 | Lair:3   | Found a runed translucent door.
 31618 | Lair:3   | Found a shimmering altar of Xom.
 31618 | Lair:3   | Noticed Itiwer's ghost (journeyman DjIE)
 31714 | Lair:3   | Identified the +0 robe of Privacy {+Blink rN+}
 31914 | Lair:3   | Reached skill level 5 in Bows
 32953 | Lair:4   | Found a glowing silver altar of Zin.
 32954 | Lair:4   | Acquired a +0 executioner's axe of distortion
 33101 | Lair:4   | Found a staircase to the Snake Pit.
 33103 | Lair:4   | Found a transporter.
 33491 | Lair:4   | Found a transporter.
 33491 | Lair:4   | Found the +3 pair of gauntlets of War {Slay+5}
 33853 | Lair:4   | HP: 6/122 [briar patch collision (5)]
 33853 | Lair:4   | Killed from afar by a swamp worm

Illustrated notes

Levels and vault maps discovered:
D:1:      dpeg_arrival_more_subterranean_lakeside_camping, layout_loops_ring
D:2:      layout_basic, shapermc_ecumenical_altar_venn, serial_forest,
          infiniplex_forest_lined_2, infiniplex_forest_lined_room_,
          infiniplex_forest_clump_cross, infiniplex_forest_lined_ring,
          infiniplex_forest_clump_curved
D:3:      layout_loops_ring, mainiacjoe_overflow_cross_hatched,
          minmay_goblin_kobold_house
D:4:      layout_gridville, mainiacjoe_overflow_big_doors, serial_shops,
          nicolae_shop_overgrown_old_shop, uniq_duvessa, uniq_edmund,
          uniq_eustachio
D:5:      layout_loops_ring, minmay_temple_entry_waves, dk_noncrumbling_3,
          uniq_menkaure, uniq_prince_ribbit1
D:6:      kennysheep_windowed_halls, layout_loops_ring, kennysheep_mini,
          serial_shops, shop, nicolae_elevator_lobby_plus, uniq_maggie
D:7:      layout_loops_cross, enter_bailey_4, uniq_pikel
D:8:      layout_basic, zin_purify, ebering_ghost_reflecting_pool
D:9:      layout_loops_ring, hangedman_minor_gate_pass
D:10:     layout_cave_pools, nicolae_ru_awakened_eye, general_overflow_altar,
          nicolae_dithmenos_the_darkroom, david_orc_2, minivault_24
D:11:     layout_roguey, lair_entry_dummy, minmay_statue_bubble
D:12:     layout_roguey
D:13:     layout_roguey, grunt_ministairs_5, minmay_lizard_king
D:14:     layout_irregular_city, erik_vaults_2, ashenzari_conservatory_becter,
          grunt_decor_cap
D:15:     hangedman_depths_entry_civil_slaughter, layout_basic,
          nicolae_cairo_tiling_large, trog_butcher_becter
Temple:   zaba_magenta_temple
Lair:1:   layout_long_grid
Lair:2:   layout_roguey, st_stairs_9, nicolae_lair_liquid_snakes,
          lemuel_fruit_tree, grunt_megastairs_5, serial_bayou_shore_b,
          serial_bayou_shore_b, serial_bayou_shore_a
Lair:3:   layout_roguey, skrybe_swamp_entry_bodies, ebering_ghost_xom,
          serial_bayou_pond_a, kennysheep_abandoned_house
Lair:4:   gammafunk_worm_tunnel, layout_small_grid, dummy_snake_entry,
          basic_altar

Skill      XL: |  1  2  3  4  5  6  7  8  9 10 11 12 13 14 |
---------------+-------------------------------------------+-----
Armour         | 1 2 3 4 5 6 8 10 11 13 14 15 | 15.4
Fighting       | 4 5 6 8 9 10 12 13 15 | 15.8
Invocations    | 1 2 3 4 5 7 8 9 11 12 13 | 13.1
Axes           | 4 5 6 8 9 10 12 13 15 | 15.8
Bows           | 7 |  7.4
Dodging        | |  3.2
Stealth        | |  1.5

Action                   |  1- 3 |  4- 6 |  7- 9 | 10-12 | 13-15 || total
-------------------------+-------+-------+-------+-------+-------++-------
Melee: Hand axe          |    92 |    81 |    14 |       |       ||   187
       Headbutt          |    12 |    13 |    33 |   122 |   178 ||   358
       War axe           |       |       |   156 |   554 |   586 ||  1296
       Punch             |       |       |       |     5 |     6 ||    11
Invok: Ancestor Life: He |     1 |       |       |       |       ||     1
       Recall Ancestor   |       |       |       |     1 |     1 ||     2
       Idealise          |       |       |       |     1 |     1 ||     2
       Transference      |       |       |       |     1 |     1 ||     2
Evoke: Wand              |       |     2 |     4 |    11 |     6 ||    23
  Use: Scroll            |       |     1 |     8 |     7 |    12 ||    28
       Potion            |       |       |     1 |     2 |     3 ||     6
 Stab: Sleeping          |     4 |     3 |     3 |       |       ||    10
       Confused          |       |     4 |     2 |     6 |    13 ||    25
       Distracted        |       |       |     3 |    10 |    10 ||    23
Armor: Robe              |    12 |     8 |    16 |       |       ||    36
       Acid dragon scale |       |       |    18 |    79 |       ||    97
       Plate armour      |       |       |       |   164 |   324 ||   488
Dodge: Dodged            |    71 |    30 |    71 |   290 |   236 ||   698

Table legend: (Time is in decaauts)
 A = Elapsed time spent in this place.
 B = Non-inter-level travel time spent in this place.
 C = Inter-level travel time spent in this place.
 D = Time resting spent in this place.
 E = Time spent auto-exploring this place.
 F = Levels seen in this place.
 G = Mean time per level.
                   A        B        C        D        E       F      G
               +--------+--------+--------+--------+--------+-----+--------+
         Total |  33797 |  32323 |   1474 |   6343 |  22266 |  21 | 1609.4 |
       Dungeon |  27269 |  25983 |   1286 |   5955 |  17123 |  15 | 1817.9 |
        Temple |    295 |    276 |     19 |    222 |     50 |   1 |  295.0 |
          Lair |   5424 |   5255 |    169 |     55 |   4639 |   4 | 1356.0 |
        Bailey |    808 |    808 |      0 |    111 |    453 |   1 |  808.0 |
               +--------+--------+--------+--------+--------+-----+--------+

Top non-repeatable levels by time:
    D:14: 3284 daAuts
    D:12: 3103 daAuts
     D:6: 2811 daAuts
    D:13: 2467 daAuts
     D:9: 2118 daAuts
  Lair:2: 1899 daAuts
    D:11: 1897 daAuts
     D:4: 1748 daAuts
    D:10: 1674 daAuts
    D:15: 1547 daAuts
  Lair:4: 1295 daAuts
     D:5: 1290 daAuts
     D:2: 1262 daAuts
  Lair:3: 1236 daAuts
     D:1: 1119 daAuts
